 Dungeon Crawl Stone Soup version 0.28.0-43-g3370ac3207 (webtiles) character file.

Game seed: 7094093561278503983

18235 issech the Basher (level 12, -10/107 HPs)
             Began as a Troll Monk on Mar 12, 2022.
             Was a High Priest of Hepliaklqana.
             Shot with an arrow by a centaur (14 damage)
             ... led by a centaur warrior
             ... on level 13 of the Dungeon.
             The game lasted 00:57:27 (12798 turns).

issech the Basher (Troll Monk)                     Turns: 12798, Time: 00:57:28

Health: -10/107    AC:  9    Str: 22    XL:     12   Next: 25%
Magic:  11/11      EV: 17    Int:  6    God:    Hepliaklqana [*****.]
Gold:   2027       SH:  0    Dex: 19    Spells: 11/11 levels left

rFire   + + .      SeeInvis .   J - +2 giant spiked club (freeze)
rCold   + . .      Faith    .   (shield currently unavailable)
rNeg    . . .      Spirit   .   W - +0 troll leather armour
rPois   +          Reflect  .   (helmet restricted)
rElec   .          Harm     .   T - +2 cloak
rCorr   .          Rampage  .   (gloves unavailable)
Will    .....                   (boots unavailable)
Stlth   +++.......              s - amulet of magic regeneration
HPRegen 1.87/turn               f - +4 ring of evasion
MPRegen 0.52/turn               z - ring of the Smoking Ancients {*Slow rPois rF++ rC+ Dex+3}

@: slowed, very slow
A: reduced essence, large, unfitting armour, claws 3, regeneration 1, shaggy fur
1, tough skin 1
a: Renounce Religion, Recall Ancestor, Ancestor Identity, Transference, Idealise


You were on level 13 of the Dungeon.
You worshipped Hepliaklqana.
Hepliaklqana was extremely pleased with you.
You visited 2 branches of the dungeon, and saw 14 of its levels.
You also visited: Ossuary.

You collected 2099 gold pieces.
You spent 72 gold pieces at shops.

Inventory:

Hand Weapons
 g - a +5 battleaxe of freezing
 o - a +0 whip of venom
 B - a +0 flail of draining
 J - a +2 giant spiked club of freezing (weapon)
 K - a +0 hand crossbow
 L - a +0 flail of protection
 M - a +3 great sword of freezing
 R - a +0 dagger of chaos
 V - a +1 flail of holy wrath
 Y - a +3 dire flail
 Z - a +1 shortbow of flaming
Missiles
 c - 292 stones
 e - 3 datura-tipped darts
 i - 11 boomerangs
 k - 379 arrows
 p - 57 bolts
 w - 3 throwing nets
 x - 15 large rocks (quivered)
 G - 142 sling bullets
 N - 9 poisoned darts
Armour
 n - the +3 hat of Pondering {ponderous, Will+ MP+10 Int+5}
   (You took it off Gastronok on level 11 of the Dungeon)

   Int:       It affects your intelligence (+5).
   MP:        It affects your magic capacity (+10).
   Will:      It increases your willpower.
 P - a +0 kite shield
 Q - +0 steam dragon scales
 T - a +2 cloak (worn)
 W - a +0 troll leather armour (worn)
Jewellery
 f - a +4 ring of evasion (left claw)
 s - an amulet of magic regeneration (around neck)
 z - the ring of the Smoking Ancients (right claw) {*Slow rPois rF++ rC+ Dex+3}
   (You found it on level 5 of the Dungeon)

   [ring of protection from cold]

   Dex:       It affects your dexterity (+3).
   rF:        It greatly protects you from fire.
   rC:        It protects you from cold.
   rPois:     It protects you from poison.
   *Slow:     It may slow you when you take damage.
 O - a ring of magical power
 U - a ring of ice
 X - a ring of magical power
Wands
 r - a wand of acid (5)
 A - a wand of polymorph (36)
 S - a wand of iceblast (18)
Scrolls
 a - 6 scrolls of immolation
 b - a scroll of blinking
 m - 4 scrolls of fear
 t - 9 scrolls of teleportation
 y - 5 scrolls of magic mapping
Potions
 d - 10 potions of curing
 h - 2 potions of might {unknown}
 j - 3 potions of haste {unknown}
 l - 2 potions of attraction
 q - 4 potions of brilliance
 u - 2 potions of lignification {unknown}
 v - 9 potions of ambrosia
 C - 3 potions of resistance
 D - 3 potions of degeneration {unknown}
 E - a potion of berserk rage {unknown}
 F - 4 potions of heal wounds
 H - a potion of mutation {unknown}
 I - a potion of flight {unknown}


   Skills:
 + Level 8.1 Fighting
 + Level 13.9 Maces & Flails
 + Level 1.1 Throwing
 + Level 3.5 Armour
 + Level 6.7 Dodging
 + Level 3.6 Stealth


You had 11 spell levels left.
You didn't know any spells.
Your spell library contained the following spells:

 Spells                   Type           Power      Damage    Failure   Level
 Animate Skeleton         Necr           0%         N/A       50%         1
 Apportation              Tloc           0%         N/A       50%         1
 Summon Small Mammal      Summ           0%         N/A       50%         1
 Dazzling Flash           Conj/Hex       0%         N/A       86%         3
 Gell's Gravitas          Tloc           0%         N/A       86%         3
 Inner Flame              Hex/Fire       0%         N/A       86%         3
 Portal Projectile        Hex/Tloc       0%         N/A       86%         3
 Teleport Other           Tloc           0%         N/A       86%         3
 Tukima's Dance           Hex            0%         N/A       86%         3
 Anguish                  Hex/Necr       0%         N/A       99%         4
 Cause Fear               Hex            0%         N/A       99%         4
 Iskenderun's Mystic Bla  Conj/Tloc      0%         2d3       99%         4
 Blade Hands              Tmut           0%         N/A       100%        5
 Excruciating Wounds      Necr           0%         N/A       100%        5
 Summon Forest            Summ/Tloc      0%         N/A       100%        5
 Dispersal                Tloc           0%         N/A       100%        6
 Eringya's Noxious Bog    Tmut/Pois      0%         N/A       100%        6
 Starburst                Conj/Fire      0%         6d3       100%        6
 Enfeeble                 Hex            0%         N/A       100%        7
 Summon Hydra             Summ           0%         N/A       100%        7
 Discord                  Hex            0%         N/A       100%        8


Dungeon Overview and Level Annotations

Branches:
Dungeon (13/15)            Temple (1/1) D:4            Lair (0/6) D:9
    Orc (0/2) D:10        Ossuary (visited)
 Vaults: D:13-14

Altars:
Ashenzari
Cheibriados
Dithmenos
Elyvilon
Fedhas
Gozag
Hepliaklqana
Kikubaaqudgha
Makhleb
Nemelex Xobeh
Okawaru
Qazlal
Ru
Sif Muna
Trog
Uskayaw
Vehumet
Wu Jian
Xom
Yredelemnul
Zin
The Shining One

Shops:
D:8 (   D:10 ([   D:11 [


Innate Abilities, Weirdness & Mutations

Your life essence is reduced to manifest your ancestor. (-10% HP)
You are too large for most types of armour.
You have claws for hands.
Your natural rate of healing is unusually fast.
You are covered in fur. (AC +1)
You have tough skin. (AC +1)


Message History

The centaur warrior shoots an arrow.
The arrow hits you!
You hear a shout!
The centaur shoots an arrow.
The arrow barely misses you.
The centaur shoots an arrow.
The arrow hits you.
The centaur shoots an arrow.
The arrow hits you but does no damage.
The centaur warrior shoots an arrow.
The arrow hits you!
The centaur shoots an arrow.
The arrow hits you! The acid dragon spits acid at you.
The splash of acid hits you!
The centaur warrior shoots an arrow.
The arrow hits you but does no damage.
The centaur shoots an arrow.
The arrow hits you!
A centaur comes into view.
Impisi casts a spell at the acid dragon.
The stone arrow hits the acid dragon!!
The centaur warrior shoots an arrow.
The arrow misses you.
Impisi hits the acid dragon with a +0 quarterstaff!
The acid dragon dies!
The centaur shoots an arrow.
The arrow hits you but does no damage.
The centaur warrior shoots an arrow.
The arrow hits Impisi!!
The centaur wields a +0 shortbow.
The centaur shoots an arrow.
The arrow hits Impisi!
The centaur shoots an arrow.
The arrow closely misses you.
The centaur warrior shoots an arrow.
The arrow hits you!
You feel yourself slow down.
The centaur unwields a +0 shortbow.
The centaur hits Impisi.
The centaur kicks Impisi but does no damage.
Impisi hits the centaur with a +0 quarterstaff!!
The centaur dies!
Something hits Impisi!
Impisi is destroyed!
The centaur warrior wields a +0 shortbow.
The centaur warrior shoots an arrow.
The arrow hits you!
The centaur warrior shoots an arrow.
The arrow hits you!
The centaur shoots an arrow.
The arrow barely misses you.
The centaur warrior shoots an arrow.
The arrow hits you!!
* * * LOW HITPOINT WARNING * * *
The centaur warrior shoots an arrow.
The arrow hits you!!
* * * LOW HITPOINT WARNING * * *
The centaur shoots an arrow.
The arrow hits you!
You die...

.............................
........#############..######
#######.# #..# ###.# #..#
#####...# #..# ...##'#.#
#..##########
.#'#♣.#.#############..c...c....c
.#...≈#.....................)....
.#.≈≈≈#........<@..)..c..........
##.≈#####.################.......
##'## .# #....... #..######.#
#....... .......... ###.......
.......... ........... ..........
########### ...####### # ...# #


You could see a centaur warrior and a centaur.

Vanquished Creatures
  A boulder beetle (D:12)
  4 two-headed ogres
  2 cyclopes
  Psyche (D:10)
  A komodo dragon (D:10)
  A queen bee (D:10)
  4 trolls
  A hornet (D:8)
  2 wyverns (D:8)
  8 yaks
  2 steam dragons
  2 acid dragons
  2 orc warriors
  A black bear (D:5)
  An ice beast (D:7)
  A necrophage (D:7)
  3 ogres
  3 wolves
  4 centaurs
  A phantom (D:4)
  2 bullfrogs
  A gnoll sergeant (D:11)
  2 scorpions
  24 killer bees
  5 wights (D:6)
  2 howler monkeys
  An electric eel (D:9)
  A lava snake (D:7)
  A jelly (D:4)
  3 centaur zombies
  3 hounds
  3 orc priests
  2 bullfrog skeletons
  A centaur skeleton (D:7)
  Terence (D:3)
  4 iguanas
  4 orc wizards
  13 mummies (Ossuary)
  Robin (D:4)
  6 adders
  8 gnolls
  A white imp (D:8)
  3 adder skeletons
  3 worms
  4 dart slugs
  19 orcs
  10 endoplasms
  3 giant cockroaches
  14 goblins
  18 hobgoblins
  3 quokkas
  12 ball pythons
  4 bats
  10 frilled lizards
  2 gnoll skeletons (Ossuary)
  2 goblin skeletons (Ossuary)
  4 kobolds
  2 kobold skeletons (Ossuary)
  2 orc skeletons (Ossuary)
  4 rats (D:1)
  11 rat skeletons (Ossuary)
264 creatures vanquished.

Vanquished Creatures (collateral kills)
  Gastronok (D:11)
  Harold (D:10)
  2 two-headed ogres
  A cyclops (D:12)
  A gargoyle (D:13)
  A troll (D:12)
  A wraith (D:10)
  Grum (D:8)
  A vampire (D:11)
  A wyvern (D:9)
  2 yaks
  An acid dragon (D:13)
  A hornet zombie (D:9)
  5 orc warriors
  A necrophage (D:8)
  A black bear (D:4)
  An ogre (D:7)
  A wolf (D:8)
  A centaur (D:13)
  A phantom (D:5)
  4 bullfrogs
  A gnoll sergeant (D:4)
  6 killer bees
  2 electric eels (D:9)
  4 howler monkeys
  2 centaur zombies
  4 hounds
  2 orc priests (D:9)
  A bullfrog skeleton (D:6)
  An orc wizard (D:9)
  8 orcs
  8 goblins (D:4)
  2 hobgoblins (D:4)
71 creatures vanquished.

Vanquished Creatures (others)
  8 battlemagi
  2 plants (D:4)
10 creatures vanquished.

Grand Total: 345 creatures vanquished

Notes
Turn   | Place    | Note
-------+----------+-------------------------------------------
     0 | D:1      | issech the Troll Monk began the quest for the Orb.
     0 | D:1      | Reached XP level 1. HP: 22/22 MP: 0/0
    60 | D:1      | Reached skill level 3 in Maces & Flails
    78 | D:1      | Reached XP level 2. HP: 29/29 MP: 1/1
   654 | D:1      | Reached XP level 3. HP: 36/36 MP: 2/2
  1463 | D:2      | Found a sacrificial altar of Ru.
  1617 | D:2      | Found a faded altar of an unknown god.
  1792 | D:3      | Noticed Terence
  1809 | D:3      | Killed Terence
  1810 | D:3      | Reached XP level 4. HP: 33/44 MP: 3/3
  2030 | D:3      | Found a bloodstained altar of Trog.
  2078 | D:3      | Reached skill level 4 in Maces & Flails
  2209 | D:3      | Identified the +3 leather armour "Fidghen" {rElec rN++
                  | rCorr Str-3}
  2766 | D:4      | Found a staircase to the Ecumenical Temple.
  2834 | Temple   | Entered the Ecumenical Temple
  3096 | D:4      | Reached XP level 5. HP: 37/52 MP: 4/4
  3193 | D:4      | Noticed a phantom
  3207 | D:4      | Noticed a black bear
  3211 | D:4      | Noticed Robin
  3246 | D:5      | Entered Level 5 of the Dungeon
  3273 | D:5      | Identified the ring of the Smoking Ancients {*Slow rPois
                  | rF++ rC+ Dex+3}
  3396 | D:5      | Reached skill level 5 in Maces & Flails
  3396 | D:5      | Reached XP level 6. HP: 61/61 MP: 5/5
  3558 | D:5      | Found a sand-covered staircase.
  3586 | Ossuary  | Entered an ossuary
  3674 | Ossuary  | Reached XP level 7. HP: 67/67 MP: 6/6
  3783 | Ossuary  | Reached skill level 6 in Maces & Flails
  4151 | D:4      | Found a faded altar of an unknown god.
  4153 | D:4      | Found a hazy altar of Hepliaklqana.
  4154 | D:4      | Found a faded altar of an unknown god.
  4165 | D:4      | Found a faded altar of an unknown god.
  4184 | D:4      | Became a worshipper of Hepliaklqana the Forgotten
  4184 | D:4      | Reached * piety under Hepliaklqana
  4184 | D:4      | Reached ** piety under Hepliaklqana
  4185 | D:4      | Remembered your ancestor Impisi as a battlemage
  4224 | D:4      | Killed Robin
  4754 | D:4      | Found an opulent altar of Gozag.
  4936 | D:5      | Found a basalt altar of Yredelemnul.
  4936 | D:5      | Found a glowing silver altar of Zin.
  5026 | D:5      | Reached skill level 7 in Maces & Flails
  5026 | D:5      | Reached XP level 8. HP: 70/70 MP: 7/7
  5286 | D:5      | Found a snail-covered altar of Cheibriados.
  5629 | D:6      | Found an ancient bone altar of Kikubaaqudgha.
  5861 | D:6      | Reached skill level 8 in Maces & Flails
  5964 | D:6      | Identified a scroll of acquirement
  5964 | D:6      | Acquired 1067 gold pieces
  6080 | D:6      | Reached *** piety under Hepliaklqana
  6637 | D:7      | Reached XP level 9. HP: 74/76 MP: 8/8
  6690 | D:7      | Reached skill level 9 in Maces & Flails
  6808 | D:7      | Found a hide-covered altar of Uskayaw.
  6978 | D:7      | Reached skill level 5 in Fighting
  7773 | D:8      | Found Berhuvopn's Antique Weapon Shoppe.
  7807 | D:8      | Found an iron altar of Okawaru.
  7843 | D:8      | Reached skill level 10 in Maces & Flails
  7987 | D:8      | Reached **** piety under Hepliaklqana
  8197 | D:8      | Reached XP level 10. HP: 88/88 MP: 9/9
  8198 | D:8      | Found a glowing golden altar of the Shining One.
  8207 | D:8      | Noticed Grum
  8214 | D:8      | Killed Grum
  8611 | D:9      | Reached skill level 5 in Dodging
  8852 | D:9      | Reached skill level 11 in Maces & Flails
  9299 | D:9      | Found a staircase to the Lair.
  9592 | D:10     | Entered Level 10 of the Dungeon
  9630 | D:10     | Found a shimmering altar of Xom.
  9686 | D:10     | Found Ybieheidgho's Weapon Shoppe.
  9688 | D:10     | Found a staircase to the Orcish Mines.
  9690 | D:10     | Found Ucaukhei's Armour Shoppe.
  9693 | D:10     | Noticed Harold
  9701 | D:10     | Killed Harold
  9702 | D:10     | Reached skill level 1 in Armour
  9869 | D:10     | Reached skill level 12 in Maces & Flails
  9869 | D:10     | Reached XP level 11. HP: 96/96 MP: 10/10
 10036 | D:10     | Reached ***** piety under Hepliaklqana
 10313 | D:10     | Found a sparkling altar of Nemelex Xobeh.
 10408 | D:10     | Found a broken altar of Ashenzari.
 10855 | D:11     | Noticed Psyche
 10858 | D:10     | Killed Psyche
 10949 | D:11     | Noticed a two-headed ogre
 10972 | D:11     | Killed a two-headed ogre
 10981 | D:11     | Noticed a two-headed ogre
 11013 | D:11     | Killed a two-headed ogre
 11208 | D:11     | Noticed a two-headed ogre
 11215 | D:11     | Killed a two-headed ogre
 11307 | D:11     | Reached skill level 1 in Throwing
 11362 | D:11     | Noticed Gastronok
 11365 | D:11     | Found Kyjapp's Armour Shoppe.
 11517 | D:11     | Killed Gastronok
 11518 | D:11     | Reached skill level 13 in Maces & Flails
 11616 | D:11     | Bought a +0 kite shield for 72 gold pieces
 12051 | D:12     | Noticed a boulder beetle
 12060 | D:12     | Killed a boulder beetle
 12061 | D:12     | Reached XP level 12. HP: 26/107 MP: 11/11
 12157 | D:12     | Noticed a two-headed ogre
 12162 | D:12     | Killed a two-headed ogre
 12421 | D:12     | Noticed a two-headed ogre
 12427 | D:12     | Killed a two-headed ogre
 12713 | D:13     | Noticed a two-headed ogre
 12723 | D:13     | Killed a two-headed ogre
 12779 | D:13     | Noticed a centaur warrior
 12798 | D:13     | HP: 4/107 [centaur warrior/arrow (20)]
 12798 | D:13     | Shot with an arrow by a centaur

Illustrated notes

Levels and vault maps discovered:
D:1:      dpeg_arrival_simpleton_a, layout_basic, serial_co_window_serial,
          co_window_of_opportunity_a, co_window_paths_a, co_window_paths_a,
          co_window_paths_b, co_window_paths_a, co_window_of_opportunity_c,
          co_window_broadway_b, co_window_2corner, co_window_paths_d,
          co_window_4corner_b, glass_columns_a, glass_columns_b,
          glass_columns_b, glass_columns_a
D:2:      layout_basic, shapermc_ecumenical_altar_mp_vishouse, basic_altar,
          minmay_tromino_v2
D:3:      layout_loops_corners, trog_hazing_becter, uniq_terence
D:4:      layout_basic, nicolae_hepliaklqana_ecumenical_no_more,
          mainiacjoe_overflow_alcove_4, minmay_temple_entry_sparse_star,
          minmay_vboxes, uniq_robin
D:5:      layout_basic, old_standard_altar, nicolae_overflow_hidden_temple,
          nicolae_ossuary_entry_monument
D:6:      layout_cave_pods, nicolae_overflow_crystal_walls, serial_park_tiny_1
D:7:      layout_gridville, nicolae_uskayaw_suspiria
D:8:      minmay_spotlight, layout_loops_ring, old_standard_altar,
          okawaru_metal_pillars_3, serial_shops, shop, uniq_grum
D:9:      layout_stronghold, erik_lair_island
D:10:     layout_roguey [special_room_bee], nemelex_altar_shiori,
          old_standard_altar, xom_teletrap_fun, orc_david_3, uniq_harold
D:11:     layout_rooms, serial_shops, nicolae_shop_statue_plus, uniq_psyche,
          uniq_gastronok
D:12:     layout_cave_pods
D:13:     layout_long_grid, kennysheep_nondescript
Temple:   jpeg_temple_island

Skill      XL: |  1  2  3  4  5  6  7  8  9 10 11 12 |
---------------+-------------------------------------+-----
Maces & Flails | 3 4 5 7 8 10 12 13 | 13.9
Dodging        | 3 4 5 6 |  6.7
Fighting       | 3 4 5 6 7 8 |  8.1
Stealth        | 2 3 |  3.6
Armour         | 1 3 |  3.5
Throwing       | 1 |  1.1

Action                   |  1- 3 |  4- 6 |  7- 9 | 10-12 || total
-------------------------+-------+-------+-------+-------++-------
Melee: Mace              |    73 |       |       |       ||    73
       Giant club        |    65 |   165 |   115 |       ||   345
       Punch             |     1 |       |       |       ||     1
       Giant spiked club |       |       |   120 |   241 ||   361
Throw: Large rock        |       |       |     2 |     6 ||     8
Invok: Ancestor Life: Ba |       |       |     1 |       ||     1
  Use: Scroll            |     1 |     2 |     9 |     8 ||    20
 Stab: Sleeping          |     2 |     9 |     9 |     1 ||    21
       Distracted        |       |       |     3 |     5 ||     8
Armor: Robe              |    37 |    17 |       |       ||    54
       Animal skin       |       |    38 |    56 |     2 ||    96
       Troll leather arm |       |       |       |    65 ||    65
       Steam dragon scal |       |       |       |     2 ||     2
Dodge: Dodged            |   100 |   161 |   203 |   348 ||   812
